 Dungeon Crawl Stone Soup version 0.26-a0-597-gb535b0901c (webtiles) character file.

Game seed: 12572435377078330055

(classic levelgen) 13145 EnegeticOcto the Cleaver (level 11, -4/100 HPs)
             Began as a Deep Dwarf Fighter on Aug 29, 2020.
             Was a Believer of Makhleb.
             Slain by a cyclops (16 damage)
             ... on level 11 of the Dungeon.
             The game lasted 00:06:35 (7082 turns).

EnegeticOcto the Cleaver (Deep Dwarf Fighter)       Turns: 7082, Time: 00:06:36

Health: -4/100     AC: 20    Str: 22    XL:     11   Next: 71%
Magic:  4/6        EV:  5    Int: 10    God:    Makhleb [**....]
Gold:   901        SH: 11    Dex: 12    Spells: 10/10 levels left

rFire    . . .     SeeInvis .   a - +1 war axe
rCold    . . .     Faith    .   c - +0 kite shield
rNeg     . . .     Spirit   .   y - +0 plate armour
rPois    .         Reflect  .   (no helmet)
rElec    .         Harm     .   (no cloak)
rCorr    .                      (no gloves)
MR       +....                  v - +1 pair of boots
Stlth    ..........             (no amulet)
HPRegen  0.00/turn              n - +4 ring of protection
MPRegen  0.10/turn              (no ring)

@: mighty, non-regenerating
A: damage resistance, heal wounds, sense surroundings 2, no regeneration
a: Heal Wounds, Minor Destruction, Renounce Religion


You were on level 11 of the Dungeon.
You worshipped Makhleb.
Makhleb was pleased with you.
You visited 2 branches of the dungeon, and saw 12 of its levels.
You also visited: Ossuary and Bailey.

You collected 901 gold pieces.

Inventory:

Hand Weapons
 a - a +1 war axe (weapon)
Armour
 c - a +0 kite shield (worn)
 i - a +0 chain mail
 v - a +1 pair of boots (worn)
 y - a +0 plate armour (worn)
Jewellery
 n - a +4 ring of protection (left hand)
Wands
 k - a wand of polymorph (13)
 B - a wand of paralysis (2)
Scrolls
 e - 7 scrolls of teleportation {@r3}
 f - a scroll of fog
 h - a scroll of blinking
 o - a scroll of magic mapping {@r5}
 p - 3 scrolls of fear
 r - 6 scrolls of enchant weapon
 u - a scroll of remove curse {@r2}
 x - 2 scrolls of identify {@r1}
Potions
 b - a potion of haste {@q4}
 d - 5 potions of might {@q3}
 g - 4 potions of flight
 j - 9 potions of curing {@q1}
 l - 8 potions of heal wounds {@q2}
 m - a potion of cancellation
 q - a potion of lignification {@q7}
 s - 4 potions of mutation
 t - 4 potions of magic
 w - a potion of invisibility {unknown}
 z - a potion of stabbing {@q5}


   Skills:
 + Level 7.2 Fighting
 * Level 14.9 Axes
 + Level 8.6 Armour
 + Level 8.6 Shields
 * Level 5.3 Invocations


You had 10 spell levels left.
You didn't know any spells.
Your spell library was empty.

Dungeon Overview and Level Annotations

Branches:
Dungeon (11/15)            Temple (1/1) D:6            Lair (0/6) D:9
    Orc (0/2) D:10        Ossuary (visited)          Bailey (visited)

Altars:
Cheibriados
Dithmenos
Elyvilon
Fedhas
Makhleb
Nemelex Xobeh
Sif Muna
Trog
Uskayaw
Wu Jian
Xom
Yredelemnul
Zin
The Shining One

Annotations:
D:11 1 transporter, Giecesh's ghost, journeyman GnWr


Innate Abilities, Weirdness & Mutations

You are resistant to damage.
You can heal yourself by infusing magical energy.
You passively map the area around you.
You do not regenerate.


Message History

You feel better.
You closely miss the yak. You block the yak's attack.
You closely miss the yak.
The yak is heavily wounded.
The yak gores you but does no damage.
Your shield prevents you from hitting the yak.
The yak is heavily wounded.
The yak gores you but does no damage.
You slice the yak!!
You kill the yak!
Makhleb accepts your kill.
No target in view!
No target in view!
No target in view!
No target in view!
No target in view!
No target in view!
Magic restored.
Found 13 arrows.
Things that are here:
a yak corpse; a hound corpse
w - a sedimented brown potion You now have 901 gold pieces (gained 9).
You hear the crackling of a distant melting archway.
Things that are here:
a cursed +0 falchion; a +0 leather armour
x - 2 scrolls of identify {@r1} (gained 1)
Things that are here:
a +0 flail; a +0 flail You see here a +0 hand axe.
r - 6 scrolls of enchant weapon (gained 1)
Found a spear.
Found 18 arrows.
You open the door.
There is an open door here.
Found a thick smoking staff.
A 12-headed hydra is nearby!
A 12-headed hydra is nearby!
Found a war axe.
Found two transporters.
You see here 18 arrows.
Found an embroidered cloak and a dagger.
Found 17 gold pieces.
Found a bloodstained altar of Trog.
There is a transporter here.
You enter the transporter and appear at another place.
A moth of wrath, 2 two-headed ogres, a cyclops and a player ghost come into view.
A two-headed ogre is wielding a +1 antimagic dire flail and a +6 vorpal giant club.
Giecesh's ghost turns its malevolent gaze towards you.
The moth of wrath's fur bristles in rage as it notices you.
The cyclops shouts!
The moth of wrath goads the two-headed ogre on!
The two-headed ogre goes berserk!
You feel very mighty all of a sudden.
You hear a shout!
You slash the two-headed ogre!
The two-headed ogre is lightly wounded.
You slash the two-headed ogre!
The two-headed ogre hits you but does no damage.
The two-headed ogre hits you with a +0 giant club.
Your shield and plate armour prevent you from hitting the two-headed ogre.
The two-headed ogre is lightly wounded.
You hit the two-headed ogre.
You block the two-headed ogre's attack. x2
A troll comes into view.
You block the two-headed ogre's attack.
The two-headed ogre hits you with a +0 giant club!
You slash the two-headed ogre!
The two-headed ogre is heavily wounded.
You miss Giecesh's ghost. You slash the two-headed ogre!
You block the two-headed ogre's attack.
The two-headed ogre hits you with a +6 vorpal giant club!
Giecesh's ghost mumbles some strange words.
Giecesh's ghost blinks!
You slice the two-headed ogre!!
The two-headed ogre is almost dead.
You hit the two-headed ogre. You block the two-headed ogre's attack.
The two-headed ogre hits you but does no damage.
You closely miss the two-headed ogre.
The two-headed ogre is almost dead.
You slash the moth of wrath! You barely miss the cyclops.
You hit the two-headed ogre.
The two-headed ogre hits you but does no damage.
The two-headed ogre hits you with a +0 giant club.
The two-headed ogre hits you with a +1 antimagic dire flail.
You feel your power leaking away.
The two-headed ogre hits you with a +6 vorpal giant club!
The moth of wrath goads the two-headed ogre on!
The two-headed ogre goes berserk!
The moth of wrath goads the cyclops on!
The cyclops goes berserk!
You hit the two-headed ogre.
The two-headed ogre is almost dead.
You closely miss the moth of wrath. You slash the cyclops!
You slash the two-headed ogre!
You hear the crackling of a very distant melting archway.
The two-headed ogre hits you with a +0 giant spiked club!
The two-headed ogre hits you with a +0 giant club!
* * * LOW HITPOINT WARNING * * *
You block the two-headed ogre's attack.
The two-headed ogre hits you with a +6 vorpal giant club!
* * * LOW HITPOINT WARNING * * *
x2 Giecesh's ghost gestures wildly while chanting.
Giecesh's ghost blinks!
The cyclops hits you!!
You die...

##### ##...####
###....... ,, *
...©...* * **, ,
##### ** * , ,**
,**#.@y# ,, ,
*#TCOO..#* , ,
#..##..T..# * , ,
#.
*§§....##.####.....
* * #.
*.§..W..#..........
.#
.._§##..#.....|...
, .* #)[$≈*..#.
D...#.## , , ,
§#.###.##..,.......
,, ,, *,, ###..#.
#... .....#


You could see 2 two-headed ogres, a moth of wrath, a cyclops (berserk), 2 trolls
and Giecesh's ghost.

Vanquished Creatures
  An unseen horror (D:9)
  Psyche (D:9)
  2 trolls (D:10)
  Grinder (D:6)
  Prince Ribbit (D:6)
  A wyvern (D:7)
  Sigmund (D:2)
  A wraith (D:10)
  8 yaks
  Grum (D:10)
  Edmund (D:4)
  Menkaure (D:5)
  6 orc warriors
  3 ice beasts
  A black bear (D:10)
  2 sky beasts
  A necrophage (D:5)
  3 phantoms
  4 ogres
  3 wolves (D:10)
  An eye of draining (D:9)
  8 centaurs
  3 big kobolds
  A bullfrog (D:7)
  A scorpion (D:10)
  4 killer bees (D:10)
  A water moccasin skeleton (D:8)
  2 electric eels (D:8)
  6 howler monkeys
  A bullfrog zombie (D:5)
  2 centaur zombies (Ossuary)
  4 bullfrog skeletons
  4 orc priests
  7 hounds
  2 jellies
  11 orc wizards
  A centaur skeleton (D:10)
  2 iguanas
  Natasha (twice) (D:4)
  4 worker ants
  A killer bee zombie (D:5)
  A big kobold zombie (Ossuary)
  3 ogre zombies (Ossuary)
  2 hound zombies (D:5)
  7 mummies (Ossuary)
  A howler monkey zombie (D:8)
  2 worker ant zombies
  13 gnolls (Bailey)
  A howler monkey skeleton (D:4)
  9 adders
  A shadow imp (D:10)
  2 white imps (D:10)
  2 oozes (D:2)
  3 adder zombies (Ossuary)
  2 adder skeletons
  6 worms
  8 leopard geckos
  41 orcs
  A ball python (D:1)
  5 giant cockroaches
  2 gnoll zombies (Ossuary)
  5 goblins
  11 hobgoblins
  9 jackals
  33 kobolds
  4 bats
  A frilled lizard (D:1)
  5 goblin zombies (Ossuary)
  3 hobgoblin zombies (Ossuary)
  2 kobold zombies (Ossuary)
  A leopard gecko skeleton (D:9)
  An orc zombie (Ossuary)
  A quokka skeleton (D:7)
  3 quokka zombies (Ossuary)
  5 rats
  5 rat zombies (Ossuary)
312 creatures vanquished.

Vanquished Creatures (others)
  A plant (D:8)
1 creature vanquished.

Grand Total: 313 creatures vanquished

Notes
Turn   | Place    | Note
-------+----------+-------------------------------------------
     0 | D:1      | EnegeticOcto the Deep Dwarf Fighter began the quest for the
                  | Orb.
     0 | D:1      | Reached XP level 1. HP: 20/20 MP: 1/1
   155 | D:1      | Reached XP level 2. HP: 21/27 MP: 2/2
   269 | D:2      | Reached skill level 3 in Axes
   269 | D:2      | Reached XP level 3. HP: 28/34 MP: 2/2
   394 | D:2      | Found a shadowy altar of Dithmenos.
   399 | D:2      | Noticed Sigmund
   409 | D:2      | Killed Sigmund
   409 | D:2      | Reached skill level 4 in Axes
   409 | D:2      | Reached XP level 4. HP: 27/42 MP: 3/3
   409 | D:2      | Reached XP level 5. HP: 32/49 MP: 4/4
   490 | D:3      | Noticed an ogre
   503 | D:3      | Killed an ogre
   503 | D:3      | Reached XP level 6. HP: 37/57 MP: 4/4
   596 | D:4      | Reached skill level 5 in Axes
   717 | D:4      | Reached XP level 7. HP: 36/64 MP: 5/5
   760 | D:4      | Reached skill level 5 in Armour
   760 | D:4      | Reached skill level 5 in Shields
   804 | D:4      | Noticed Edmund
   829 | D:4      | Killed Edmund
   829 | D:4      | Reached skill level 6 in Axes
   909 | D:4      | Found a hide-covered altar of Uskayaw.
   909 | D:4      | Found a blossoming altar of Fedhas.
   914 | D:4      | Found a faded altar of an unknown god.
   917 | D:4      | Found a sparkling altar of Nemelex Xobeh.
   919 | D:4      | Found a faded altar of an unknown god.
   998 | D:4      | Noticed Natasha
  1006 | D:4      | Killed Natasha
  1399 | D:4      | Noticed Natasha
  1405 | D:4      | Killed Natasha
  1424 | D:5      | Entered Level 5 of the Dungeon
  1442 | D:5      | Reached XP level 8. HP: 50/73 MP: 6/6
  1447 | D:5      | Reached skill level 7 in Axes
  1480 | D:5      | Noticed Menkaure
  1502 | D:5      | Killed Menkaure
  1504 | D:5      | Reached skill level 5 in Fighting
  1901 | D:5      | Reached skill level 8 in Axes
  2175 | D:6      | Noticed Grinder
  2183 | D:6      | Noticed Prince Ribbit
  2185 | D:6      | Paralysed by Grinder for 4 turns
  2201 | D:6      | Paralysed by Grinder for 6 turns
  2210 | D:6      | Paralysed by Grinder for 7 turns
  2225 | D:6      | Killed Grinder
  2225 | D:6      | Gained mutation: You passively map the area around you.
                  | [Deep Dwarf growth]
  2225 | D:6      | Reached XP level 9. HP: 41/81 MP: 5/5
  2246 | D:6      | Found a sand-covered staircase.
  2250 | Ossuary  | Entered an ossuary
  2710 | D:6      | Found a glowing golden altar of the Shining One.
  2809 | D:6      | Reached skill level 9 in Axes
  2968 | D:6      | Killed Prince Ribbit
  3005 | D:6      | You fall into a shaft and drop 3 floors!
  3077 | D:8      | Found a shimmering altar of Xom.
  3078 | D:8      | Found a shimmering altar of Xom.
  3079 | D:8      | Found a shimmering altar of Xom.
  3081 | D:8      | Found a shimmering altar of Xom.
  3084 | D:8      | Found a shimmering altar of Xom.
  3425 | D:7      | Reached skill level 10 in Axes
  3807 | D:7      | Found a flagged portal.
  3816 | Bailey   | Entered a bailey
  3850 | Bailey   | Reached XP level 10. HP: 52/92 MP: 4/4
  4163 | D:7      | Reached skill level 14 in Axes
  4163 | D:7      | Reached XP level 11. HP: 60/99 MP: 2/2
  4592 | D:6      | Found a staircase to the Ecumenical Temple.
  4618 | Temple   | Entered the Ecumenical Temple
  4668 | Temple   | Became a worshipper of Makhleb the Destroyer
  5076 | D:8      | Noticed a sea snake
  5192 | D:9      | Noticed Psyche
  5202 | D:9      | Killed Psyche
  5202 | D:9      | Reached skill level 1 in Invocations
  5233 | D:9      | Killed an unseen horror
  5570 | D:9      | Found a staircase to the Lair.
  5865 | D:10     | Entered Level 10 of the Dungeon
  5875 | D:10     | Reached * piety under Makhleb
  5987 | D:10     | Noticed Grum
  6016 | D:10     | Killed Grum
  6088 | D:10     | Reached ** piety under Makhleb
  6729 | D:10     | Found a staircase to the Orcish Mines.
  6788 | D:11     | Noticed an eight-headed hydra
  6950 | D:11     | Found a glowing golden altar of the Shining One.
  6980 | D:11     | Reached skill level 5 in Invocations
  7067 | D:11     | Found a transporter.
  7067 | D:11     | Found a transporter.
  7074 | D:11     | Found a bloodstained altar of Trog.
  7075 | D:11     | Noticed Giecesh's ghost (journeyman GnWr)
  7075 | D:11     | Noticed a two-headed ogre
  7075 | D:11     | Noticed a two-headed ogre
  7082 | D:11     | Slain by a cyclops

Illustrated notes

Levels and vault maps discovered:
D:1:      minmay_arrival_checkered_box, layout_rooms, minmay_tromino_v4_a
D:2:      layout_basic, grunt_dithmenos_smoke, uniq_sigmund
D:3:      layout_loops_ring, nicolae_ashenzari_panopticon
D:4:      layout_basic, chequers_temple_overflow_minitemple,
          hangedman_decor_peaks_small, uniq_natasha, uniq_edmund
D:5:      layout_basic, minivault_11, kennysheep_generic_room_8, uniq_menkaure
D:6:      layout_cave_pools, temple_green, enter_ossuary_5, minivault_23,
          nicolae_tso_carved_into_rock, uniq_prince_ribbit1, uniq_grinder
D:7:      layout_gridville, enter_bailey_2
D:8:      cheibrodos_helix_gallery, layout_cave_pools, chequers_big_river,
          xom_shifter_show
D:9:      layout_long_grid, lair_entry_dummy, roderic_lattice_a, uniq_psyche
D:10:     layout_irregular_city, hiddenorc1_lemuel, minmay_misc_feat_square,
          grunt_decor_clamped, uniq_grum
D:11:     layout_basic, gammafunk_ghost_wrathful_warriors, basic_altar,
          portal_ice_cave_entry_pillars_2
Temple:   regret_index_temple_sphere_string

Skill      XL: |  1  2  3  4  5  6  7  8  9 10 11 |
---------------+----------------------------------+-----
Fighting       | 3 4 5 6 7 |  7.2
Axes           | 3 4 5 6 8 10 14 | 14.9
Armour         | 4 5 6 7 8 |  8.6
Shields        | 4 5 6 7 8 |  8.6
Invocations    | 5 |  5.3

Action                   |  1- 3 |  4- 6 |  7- 9 | 10-12 || total
-------------------------+-------+-------+-------+-------++-------
Melee: War axe           |    97 |    96 |   586 |   417 ||  1196
 Abil: Heal Wounds       |     1 |     3 |    29 |    10 ||    43
Evoke: Wand              |       |       |       |     4 ||     4
  Use: Scroll            |       |       |     2 |    21 ||    23
       Potion            |       |       |       |     2 ||     2
 Stab: Paralysed         |       |       |       |     4 ||     4
Armor: Scale mail        |    21 |       |       |       ||    21
       Chain mail        |    22 |    45 |   209 |       ||   276
       Plate armour      |       |       |    36 |   246 ||   282
Dodge: Dodged            |    28 |    29 |   102 |    93 ||   252
Block: Kite shield       |    56 |    53 |   306 |   264 ||   679

Table legend: (Time is in decaauts)
 A = Elapsed time spent in this place.
 B = Non-inter-level travel time spent in this place.
 C = Inter-level travel time spent in this place.
 D = Time resting spent in this place.
 E = Time spent auto-exploring this place.
 F = Levels seen in this place.
 G = Mean time per level.
                   A        B        C        D        E       F      G
               +--------+--------+--------+--------+--------+-----+--------+
         Total |   7185 |   6865 |    320 |     29 |   4628 |  14 |  513.2 |
       Dungeon |   6391 |   6099 |    292 |     29 |   4266 |  11 |  581.0 |
        Temple |     72 |     44 |     28 |      0 |     42 |   1 |   72.0 |
       Ossuary |    423 |    423 |      0 |      0 |    198 |   1 |  423.0 |
        Bailey |    297 |    297 |      0 |      0 |    122 |   1 |  297.0 |
               +--------+--------+--------+--------+--------+-----+--------+

Top non-repeatable levels by time:
     D:7: 965 daAuts
     D:4: 873 daAuts
    D:10: 871 daAuts
     D:5: 772 daAuts
     D:9: 709 daAuts
     D:6: 636 daAuts
     D:8: 613 daAuts
 Ossuary: 423 daAuts
    D:11: 303 daAuts
  Bailey: 297 daAuts
     D:2: 250 daAuts
     D:1: 241 daAuts
     D:3: 153 daAuts
  Temple: 72 daAuts
